 Dungeon Crawl Stone Soup version 0.14-a0-2124-ga163777 (webtiles) character file.

172 4tharraofdagon the Chopper (level 5, -1/27 HPs)
             Began as a Vine Stalker Gladiator on Jan 27, 2014.
             Was an Initiate of Zin.
             Killed by divine providence
             ... invoked by an orc priest
              (7 damage)
             ... on Level 5 of the Dungeon.
             The game lasted 00:08:21 (1315 turns).

4tharraofdagon the Chopper (Vine Stalker Gladiator) Turns: 1315, Time: 00:08:21

HP  -1/27        AC 10     Str 20      XL: 5   Next:  3%
MP   0/7         EV  7     Int  8      God: Zin [......]
Gold 53          SH  0     Dex 20      Spells:  0 memorised,  4 levels left

rFire  . . .     SeeInvis .     a - +0 hand axe
rCold  . . .     Clarity  .     v - +1 chain mail
rNeg   . . .     Conserve .     (no shield)
rPois  .         rCorr    .     c - +0 helmet
rElec  .         rRot     +     (no cloak)
SustAb . .       Spirit   +     (no gloves)
rMut   .         Warding  .     (no boots)
Saprov . . .     Stasis   .     (no amulet)
MR     .....                    A - +2 ring of strength
                                g - +5 ring of dexterity

@: not resistant to hostile enchantments, extremely unstealthy
A: fangs 2, regeneration 1, magic shield, antimagic bite, no device heal
a: Renounce Religion


You were on level 5 of the Dungeon.
You worshipped Zin.
Zin was noncommittal.
You were hungry.

You visited 2 branches of the dungeon, and saw 6 of its levels.

You collected 58 gold pieces.
You donated 5 gold pieces.

Inventory:

Hand weapons
 a - a +0,+0 hand axe (weapon)
 d - a -1,+0 orcish hand axe
Missiles
 k - a throwing net (quivered)
 m - 28 darts
Armour
 b - a +0 leather armour
 c - a +0 helmet (worn)
 t - a +2 robe of cold resistance
 u - a +1 ring mail
 v - a +1 chain mail (worn)
Comestibles
 f - a bread ration
 l - a rotting chunk of worm flesh
Scrolls
 e - 4 scrolls of identify {unknown}
 i - 3 scrolls of remove curse {unknown}
 j - a scroll of random uselessness {unknown}
 n - 3 scrolls of fog {unknown}
 p - 2 scrolls of magic mapping {unknown}
 s - a scroll of enchant weapon II {unknown}
 w - a scroll of amnesia {unknown}
 x - a scroll of blinking {unknown}
 y - a scroll of curse weapon {unknown}
Jewellery
 g - a +5 ring of dexterity (left hand)
 A - a +2 ring of strength (right hand)
Potions
 h - a potion of confusion {unknown}
 o - 2 potions of curing {unknown}
 q - a potion of agility {unknown}
 r - 2 potions of brilliance {unknown}
 z - a potion of speed {unknown}


   Skills:
 + Level 2.4 Fighting
 * Level 3.8 Axes
 - Level 1.7 Throwing
 + Level 1.3 Armour
 + Level 3.0 Dodging


You had 4 spell levels left.
You didn't know any spells.

Dungeon Overview and Level Annotations

Branches:
Dungeon (5/16)             Temple (1/1) D:4

Altars:
Ashenzari
Cheibriados
Dithmengos
Elyvilon
Fedhas
Kikubaaqudgha
Nemelex Xobeh
Okawaru
Sif Muna
Trog
Yredelemnul
Zin

Annotations:
D:4 Edmund
D:5 zammy's ghost, experienced DjHu


Innate Abilities, Weirdness & Mutations

You have extremely sharp teeth.
Your natural rate of healing is unusually fast.
When hurt, damage is shared between your health and your magic reserves.
Your bite disrupts and absorbs the magic of your enemies.
Potions and wands cannot restore your HP.


Message History

An orc, an orc priest and an orc wizard come into view.
The orc wizard shouts!
The orc shouts!
The orc priest shouts!
You hear a shout!
The orc priest calls down the wrath of Beogh upon you.
Something smites you!
The orc wizard casts a spell.
The orc wizard seems to speed up.
An orc comes into view. It is wielding an orcish mace.
The orc wizard gestures wildly while chanting.
You feel troubled.
The orc priest calls down the wrath of Beogh upon you.
Something smites you!
* * * LOW HITPOINT WARNING * * *
An orc wizard comes into view. It is wielding an orcish dagger.
Unknown command.
The orc wizard casts a spell.
You feel a wave of unholy energy pass over you.
Unknown command.
The orc priest mumbles some strange prayers to Beogh against you.
Something smites you!
You die...

....# #.......+ ....#
#[......# .... #...).<.#
... #.......# .#
######'## #.# #.#
#######.####### ##+##
............@.o##......#
######..#####.o'o.....#
#.## ####.oo...# #.
..... #. .... #. ... #.
# .


You could see an orc priest, 2 orc wizards and 2 orcs.

Vanquished Creatures
  3 worker ants (D:4)
  A worm (D:4)
  5 orcs
  4 bats
  2 giant cockroaches (D:5)
  5 goblins
  6 hobgoblins
  A quokka (D:4)
  A ball python skeleton (D:4)
  A giant gecko skeleton (D:5)
  A giant newt (D:1)
  8 kobolds
  A kobold skeleton (D:5)
  11 rats
50 creatures vanquished.

Notes
Turn   | Place    | Note
--------------------------------------------------------------
     0 | D:1      | 4tharraofdagon, the Vine Stalker Gladiator, began the quest for the Orb.
     0 | D:1      | Reached XP level 1. HP: 11/11 MP: 1/1
   157 | D:1      | Reached XP level 2. HP: 15/15 MP: 3/3
   349 | D:2      | Reached skill level 3 in Axes
   476 | D:3      | Reached XP level 3. HP: 6/18 MP: 4/4
   646 | D:4      | Found a staircase to the Ecumenical Temple.
   661 | Temple   | Entered the Ecumenical Temple
   698 | Temple   | Became a worshipper of Zin the Law-Giver
   738 | D:4      | Reached skill level 1 in Armour
   762 | D:4      | Noticed Edmund
   842 | D:5      | Entered Level 5 of the Dungeon
   878 | D:5      | Noticed zammy's ghost (experienced DjHu)
  1048 | D:4      | Reached XP level 4. HP: 21/23 MP: 3/5
  1177 | D:4      | Noticed a phantom
  1192 | D:4      | Noticed an ogre
  1217 | D:4      | Reached XP level 5. HP: 16/27 MP: 7/7
  1315 | D:5      | Killed from afar by an orc priest

Action                   |  1- 3 |  4- 6 || total
-------------------------+-------+-------++-------
Melee: Hand axe          |   106 |    35 ||   141
Throw: Throwing net      |     5 |       ||     5
 Stab: Held in net/web   |     1 |       ||     1
